 Dungeon Crawl Stone Soup version 0.14.0-12-g87ee3b7 (webtiles) character file.

41888 Sabsy the Tortoise (level 14, 0/102 HPs)
             Began as a Hill Orc Fighter on Apr 16, 2014.
             Was the Champion of Beogh.
             Killed by divine providence
             ... invoked by an orc high priest
              (7 damage)
             ... on Level 4 of the Orcish Mines.
             The game lasted 03:02:40 (21801 turns).

Sabsy the Tortoise (Hill Orc Fighter)              Turns: 21801, Time: 03:02:43

HP   0/102       AC 29     Str 24      XL: 14   Next: 13%
MP  14/14        EV  8     Int  8      God: Beogh [******]
Gold 993         SH 17     Dex  8      Spells:  0 memorised, 13 levels left

rFire  + . .     SeeInvis .     a - +2 trident
rCold  + . .     Clarity  .     D - +1 chain mail {rF+}
rNeg   . . .     Conserve .     L - +2 buckler {reflect}
rPois  +         rCorr    .     R - +3 helmet of Wasted Space {rC+ Dex-2}
rElec  .         rRot     .     q - +2 cloak
SustAb + .       Spirit   .     l - +0 pair of gloves
rMut   .         Warding  .     h - +1 pair of boots {run}
Saprov + . .     Stasis   .     (no amulet)
MR     +....                    j - ring of poison resistance
                                t - ring of sustain abilities {unknown}

@: invisible, quick, somewhat resistant to hostile enchantments, extremely
unstealthy
A: walk on water, saprovore 1
a: Smiting, Recall Orcish Followers, Renounce Religion


You were on level 4 of the Orcish Mines.
You worshipped Beogh.
Beogh was exalted by your worship.
You were not hungry.

You visited 3 branches of the dungeon, and saw 23 of its levels.
You visited the Abyss 1 time.
You also visited: Labyrinth and Bailey.

You collected 1745 gold pieces.
You spent 752 gold pieces at shops.

Inventory:

Hand weapons
 a - a +2,+2 trident (weapon)
Armour
 h - a +1 pair of boots of running (worn)
 l - a +0 pair of gloves (worn)
 q - a +2 cloak (worn)
 D - a +1 chain mail of fire resistance (worn)
 L - a +2 buckler of reflection (worn)
 R - the +3 helmet of Wasted Space (worn) {rC+ Dex-2}
   (You found it on level 11 of the Dungeon)

   It affects your dexterity (-2).
   It protects you from cold.
Magical devices
 n - a wand of hasting (2)
 u - a wand of digging (15)
 y - a wand of fire (5)
 E - a wand of random effects (6)
 J - a wand of cold (10)
Comestibles
 b - 2 pears
 d - 7 meat rations
 v - 9 lemons
 z - 6 bread rations
 S - 14 grapes
Scrolls
 c - a scroll of random uselessness {unknown}
 g - 2 scrolls of fog
 k - 2 scrolls of enchant weapon II
 A - 2 scrolls of enchant armour
 C - a scroll of fear
 F - 7 scrolls of remove curse
 K - a scroll of vulnerability
 M - 10 scrolls of teleportation
 P - 3 scrolls of blinking
 U - a scroll of recharging
 X - a scroll of silence
 Z - a scroll of enchant weapon I
Jewellery
 j - a ring of poison resistance (right hand)
 p - an uncursed ring of flight
 t - a ring of sustain abilities (left hand) {unknown}
 I - an uncursed ring of protection from cold {unknown}
 O - an uncursed ring of positive energy
 V - an uncursed ring of see invisible {unknown}
 W - an uncursed ring of positive energy
Potions
 o - 4 potions of restore abilities
 r - 5 potions of curing
 w - a potion of cure mutation {unknown}
 x - a potion of degeneration {unknown}
 B - a potion of beneficial mutation {unknown}
 G - a potion of haste
 H - 4 potions of berserk rage {unknown}
 N - a potion of poison {unknown}
Miscellaneous
 T - a disc of storms


   Skills:
 - Level 3.6 Fighting
 + Level 14.7 Polearms
 + Level 15.0 Armour
 - Level 2.1 Dodging
 + Level 14.6 Shields


You had 13 spell levels left.
You didn't know any spells.

Dungeon Overview and Level Annotations

Branches:
Dungeon (11/15)               Orc (4/4) D:11            Elf (0/3) Orc:4
   Lair (8/8) D:8           Swamp (0/5) Lair:6       Spider (0/5) Lair:3
  Slime (0/6) Lair:6
 Temple: D:4-7

Altars:
Fedhas
Kikubaaqudgha
Nemelex Xobeh
Okawaru
Sif Muna
Xom
Yredelemnul
Jiyva

Shops:
Orc:4 *

Annotations:
D:5 Menkaure, Pikel


Innate Abilities, Weirdness & Mutations

You can tolerate rotten meat.
You can walk on water.


Message History

Your orc warrior hits the orc high priest with a short sword!
The iron devil hits your orc warrior but does no damage.
The iron devil barely misses your orc warrior.
The sixfirhy hits you but does no damage.
The orc high priest calls upon Beogh to heal the orc warrior.
The orc warrior is healed somewhat.
Drink which item? (? for menu, Esc to quit)
You fade into invisibility!
The sixfirhy closely misses you.
The sixfirhy hits you but does no damage.
The sixfirhy completely misses you.
The orc knight hits your orc warrior with a battleaxe!
Your orc warrior dies!
The red devil hits you but does no damage.
The goblin hits your orc but does no damage.
Your orc warrior hits the iron devil with a short sword!
Your orc closely misses the orc high priest.
The orc high priest calls down the wrath of Beogh upon you.
Something smites you!
You die...

$ ##..#... ..... #.......
......#### ##.#....
....#..##.## #......f
............## ###.#...f
...ff.44.##...####.#.....f
......o4##oo...##..ooo.oo.
......ooo.oo..##...#...#..
......)44o@oo.ooo..###.####
......).o4o....##.## ### #.
...).....go..###### #.
............# ##
........#..## #
>..........# # .........##
# .......#. ...#.#..


You could see an orc knight, an orc high priest, an orange demon, a hellwing, an
iron devil, 2 sixfirhies, a red devil, an orc warrior (frenzied), a goblin, the
friendly Thorok the orc warlord, 2 friendly orc warriors, a friendly orc priest
(frenzied), the friendly Ugrim the orc priest and 9 friendly orcs.

Vanquished Creatures
  A minotaur (Lab)
  2 hydras
  Harold (Lair:7)
  Erolcha (Orc:2)
  A hill giant (D:7)
  7 elephants
  6 spiny frogs
  3 komodo dragons
  2 trolls
  A fire drake (Lair:7)
  A centaur skeleton (D:10)
  9 blink frogs
  A grizzly bear (Lair:3)
  A shark (Lair:8)
  11 yaks
  A wraith (D:9)
  A human (D:7)
  2 hippogriffs
  A deep elf fighter (D:8)
  A fire elemental (D:11)
  3 hungry ghosts (Lab)
  A swamp worm (Lair:6)
  A wolf (D:8)
  3 porcupines
  A necrophage (D:9)
  A sky beast (D:6)
  4 ice beasts
  A black bear (D:7)
  2 giant goldfish (Lair:8)
  5 ogres
  2 orc warriors
  5 water moccasins
  3 centaurs
  6 giant slugs
  A big kobold (D:4)
  13 giant frogs
  6 crocodiles
  3 jellies
  2 wights (D:9)
  A scorpion (D:7)
  A hippogriff zombie (D:11)
  7 electric eels
  2 crimson imps
  A human zombie (D:9)
  4 big fish
  A quasit (D:11)
  5 hounds
  5 orc wizards
  2 giant frog skeletons
  Natasha (thrice) (D:6)
  7 iguanas
  3 orc priests
  7 worker ants
  4 sheep
  A mummy (D:9)
  A killer bee simulacrum (D:8)
  22 green rats
  A sky beast simulacrum (D:8)
  9 gnolls (Bailey)
  A giant mite (D:6)
  16 adders
  4 shadow imps
  A white imp (D:8)
  An inept feature mimic (D:7)
  9 worms
  2 ufetubi (D:8)
  A steam dragon simulacrum (D:8)
  10 giant geckos
  2 oozes
  27 orcs
  A bat skeleton (D:5)
  A bat zombie (D:7)
  7 giant cockroaches
  16 goblins
  24 hobgoblins
  16 jackals
  31 kobolds
  2 ball pythons
  28 bats
  4 giant newts
  A kobold skeleton (D:4)
  2 orc skeletons
  7 quokkas
  15 rats
  A rat zombie (D:7)
  4 ballistomycetes (D:9)
  A plant (D:4)
439 creatures vanquished.

Vanquished Creatures (collateral kills)
  Rupert (Lair:8)
  Fannar (D:10)
  3 hydras
  Erica (Lair:2)
  An orc high priest (Orc:4)
  A lindwurm (Lair:8)
  Joseph (Orc:3)
  An orc sorcerer (Orc:4)
  An orc knight (Orc:4)
  4 griffons
  14 elephants
  A gargoyle (D:10)
  13 spiny frogs
  2 fire drakes
  2 centaur zombies (D:11)
  A komodo dragon (Lair:3)
  5 giant fireflies (Lair:5)
  2 giant leeches (Lair:8)
  Sonja (D:10)
  3 basilisks
  16 blink frogs
  3 sharks
  3 wraiths (D:9)
  20 yaks
  5 hippogriffs
  5 ugly things (D:11)
  A deep elf mage (D:10)
  A wyvern (D:9)
  6 vampire mosquitoes (Lair:8)
  2 wargs
  16 giant frogs
  4 wolves (Lair:8)
  3 swamp worms (Lair:6)
  3 porcupines
  8 water moccasins
  2 black bears
  4 giant goldfish (Lair:8)
  4 orc warriors
  An ogre (D:10)
  An ice beast (D:9)
  2 centaurs (D:9)
  5 crocodiles
  A lava worm (D:11)
  5 giant slugs
  A gnoll sergeant (Bailey)
  5 killer bees (D:10)
  A troll zombie (D:9)
  A scorpion (Lair:3)
  A yak skeleton (D:9)
  2 wights (D:9)
  A troll skeleton (D:9)
  An electric eel (Lair:7)
  4 crimson imps
  A human zombie (D:9)
  An orc priest (D:11)
  5 big fish
  4 hounds
  5 orc wizards
  7 iguanas
  6 orange rats (Lair:3)
  2 worker ants (D:10)
  5 sheep (Lair:6)
  3 mummies (D:9)
  7 adders
  3 gnolls (Bailey)
  40 green rats
  A shadow imp (D:11)
  An ufetubus (Orc:4)
  2 giant geckos
  26 orcs
  A goblin (Orc:2)
  2 hobgoblins
  6 jackals
  5 bats
  3 kobolds (Bailey)
  An orc skeleton (D:9)
  A quokka (D:11)
  A rat (Lair:3)
  2 bushes
  2 butterflies (Lair:6)
  2 fungi
  6 plants
348 creatures vanquished.

Vanquished Creatures (others)
  An orc high priest (Lair:8)
  A giant leech (Lair:8)
  4 orc warriors
  5 orc wizards
  4 orc priests
  48 orcs
  A bat (D:4)
  2 giant spores (D:9)
  A hobgoblin skeleton (D:4)
  A fungus (Lair:8)
  2 plants (Lair:8)
70 creatures vanquished.

Grand Total: 857 creatures vanquished

Notes
Turn   | Place    | Note
--------------------------------------------------------------
     0 | D:1      | Sabsy, the Hill Orc Fighter, began the quest for the Orb.
     0 | D:1      | Reached XP level 1. HP: 19/19 MP: 1/1
   119 | D:1      | Reached XP level 2. HP: 26/26 MP: 2/2
   444 | D:1      | Reached XP level 3. HP: 31/31 MP: 3/3
   662 | D:2      | Reached skill level 4 in Armour
   762 | D:2      | Reached XP level 4. HP: 33/39 MP: 4/4
  1641 | D:3      | Reached XP level 5. HP: 24/45 MP: 5/5
  2326 | D:4      | Reached skill level 5 in Armour
  2326 | D:4      | Reached XP level 6. HP: 31/51 MP: 6/6
  2497 | D:4      | Reached skill level 5 in Shields
  2527 | D:4      | Became a worshipper of Beogh the Brigand
  2943 | D:5      | Entered Level 5 of the Dungeon
  3071 | D:5      | Noticed Menkaure
  3135 | D:5      | Noticed Pikel
  3376 | D:5      | Reached XP level 7. HP: 26/57 MP: 7/7
  3412 | D:5      | Reached skill level 5 in Polearms
  3689 | D:5      | Reached skill level 6 in Armour
  3693 | D:5      | Acquired Beogh's first power
  4034 | D:6      | Reached XP level 8. HP: 64/64 MP: 8/8
  4263 | D:6      | Found a deep blue altar of Sif Muna.
  4263 | D:6      | Found a sparkling altar of Nemelex Xobeh.
  4265 | D:6      | Noticed Natasha
  4267 | D:6      | Found a basalt altar of Yredelemnul.
  4267 | D:6      | Found a blossoming altar of Fedhas.
  4273 | D:6      | Killed Natasha
  4411 | D:6      | Noticed Natasha
  4421 | D:6      | Killed Natasha
  4626 | D:6      | Reached skill level 7 in Armour
  4643 | D:6      | Noticed Natasha
  4648 | D:6      | Killed Natasha
  4667 | D:6      | Acquired Beogh's second power
  5142 | D:7      | Noticed a hill giant
  5270 | D:7      | Killed a hill giant
  5270 | D:7      | Reached skill level 8 in Armour
  5270 | D:7      | Reached XP level 9. HP: 13/70 MP: 9/9
  6175 | D:8      | Got an amethyst-encrusted ring mail
  6190 | D:8      | Identified the cursed -5 ring mail "Ituelut" {Int+3} (You found it on level 8 of the Dungeon)
  6225 | D:8      | Acquired Beogh's third power
  6235 | D:8      | Reached skill level 9 in Armour
  6824 | D:8      | Found a staircase to the Lair.
  6903 | D:8      | Reached XP level 10. HP: 57/77 MP: 10/10
  7755 | D:9      | Acquired Beogh's fourth power
  7755 | D:9      | Gained Orbeogh as an ally
  7802 | D:9      | Got a heavily runed chain mail
  7803 | D:9      | Identified the cursed -5 chain mail of Tuc Ubaq {rPois rC++ Acc+6 Dam+5} (You found it on level 9 of the Dungeon)
  7848 | D:9      | Reached skill level 10 in Armour
  8092 | D:9      | Your ally Orbeogh died
  8118 | D:9      | Reached skill level 10 in Shields
  8580 | D:9      | Reached skill level 10 in Polearms
  8600 | D:9      | Found an ancient bone altar of Kikubaaqudgha.
  9107 | D:10     | Entered Level 10 of the Dungeon
  9384 | D:10     | Noticed Sonja
  9402 | D:10     | Cast into the Abyss (Sonja)
  9422 | D:10     | Escaped the Abyss
  9445 | D:10     | Killed Sonja
  9490 | D:10     | Noticed Fannar
  9511 | D:10     | Killed Fannar
  9511 | D:10     | Reached XP level 11. HP: 50/82 MP: 11/11
  9591 | D:10     | Reached skill level 11 in Armour
 10225 | D:11     | Acquired Beogh's fifth power
 10267 | D:11     | Got a bloodstained helmet
 10268 | D:11     | Identified the +3 helmet of Wasted Space {rC+ Dex-2} (You found it on level 11 of the Dungeon)
 10550 | D:11     | Gained Rocco as an ally
 10592 | D:11     | Found a staircase to the Orcish Mines.
 11157 | Lair:1   | Entered Level 1 of the Lair of Beasts
 11603 | Lair:1   | Gained Harm as an ally
 12285 | Lair:2   | Noticed a seven-headed hydra
 12293 | Lair:2   | Killed a seven-headed hydra
 12336 | Lair:2   | Noticed Erica
 12348 | Lair:2   | Killed Erica
 12348 | Lair:2   | Reached skill level 12 in Armour
 12744 | Lair:2   | Found a shimmering altar of Xom.
 12950 | Lair:3   | Found a hole to the Spider Nest.
 12989 | Lair:3   | Your ally Harm died
 12996 | Lair:3   | Gained Thorok as an ally
 12996 | Lair:3   | Reached XP level 12. HP: 88/90 MP: 12/12
 14205 | Lair:4   | Noticed a four-headed hydra
 14213 | Lair:4   | Killed a four-headed hydra
 14742 | Lair:4   | Reached skill level 13 in Armour
 16204 | Lair:6   | Noticed a six-headed hydra
 16222 | Lair:6   | Killed a six-headed hydra
 16299 | Lair:6   | Found a viscous altar of Jiyva.
 16308 | Lair:6   | Found a staircase to the Slime Pits.
 16326 | Lair:6   | Found a labyrinth entrance.
 16326 | Lair:6   | Noticed a seven-headed hydra
 16332 | Lair:6   | Killed a seven-headed hydra
 16332 | Lair:6   | Reached XP level 13. HP: 34/95 MP: 13/13
 16390 | Lab      | Entered a labyrinth
 16883 | Lab      | Noticed a minotaur
 16893 | Lab      | Killed a minotaur
 16899 | Lab      | Got a warped longbow
 16932 | Lair:6   | Identified a +1 pair of boots of running (You found it in a labyrinth)
 17023 | Lair:6   | Found a staircase to the Swamp.
 17811 | Lair:7   | Reached skill level 14 in Shields
 18000 | Lair:7   | Noticed Harold
 18011 | Lair:7   | Killed Harold
 18045 | Lair:7   | Identified a +9 rod of striking (14/14) (You took it off a minotaur in a labyrinth)
 18219 | Lair:8   | Entered Level 8 of the Lair of Beasts
 18219 | Lair:8   | Noticed Rupert
 18241 | Lair:8   | Killed Rupert
 18241 | Lair:8   | Reached skill level 1 in Dodging
 18268 | Lair:8   | Your ally Rocco died
 19295 | Lair:8   | Found an iron altar of Okawaru.
 19610 | Lair:8   | Reached XP level 14. HP: 90/102 MP: 14/14
 20349 | Orc:1    | Entered Level 1 of the Orcish Mines
 20416 | Orc:2    | Gained Ugrim as an ally
 20611 | Orc:2    | Noticed Erolcha
 20615 | Orc:2    | Killed Erolcha
 20663 | Orc:2    | Found a flagged portal.
 20697 | Bailey   | Entered a bailey
 20805 | Bailey   | Gained Olfrun as an ally
 20809 | Bailey   | Your ally Olfrun died
 20820 | Bailey   | Gained Koronagh as an ally
 21360 | Orc:3    | Noticed Joseph
 21371 | Orc:3    | Killed Joseph
 21371 | Orc:3    | Reached skill level 15 in Armour
 21600 | Orc:4    | Entered Level 4 of the Orcish Mines
 21609 | Orc:4    | Found Fabuot's General Store.
 21629 | Orc:4    | Your ally Koronagh died
 21670 | Orc:4    | Bought the +7,+6 falchion of the Revolution {vamp, rC+ Str-3 Int+2} for 752 gold pieces
 21777 | Orc:4    | Found a staircase to the Elven Halls.
 21801 | Orc:4    | Killed from afar by an orc high priest

Action                   |  1- 3 |  4- 6 |  7- 9 | 10-12 | 13-15 || total
-------------------------+-------+-------+-------+-------+-------++-------
Melee: Trident           |   143 |   369 |   623 |  1190 |   639 ||  2964
       Glaive            |       |       |       |       |    88 ||    88
Invok: Convert to Beogh  |       |     1 |       |       |       ||     1
       Recall Orcish Fol |       |       |       |     1 |     5 ||     6
Evoke: Wand              |       |       |     3 |    10 |    15 ||    28
  Use: Potion            |     2 |     2 |     5 |     5 |     7 ||    21
       Scroll            |       |    15 |     9 |    11 |     7 ||    42
 Stab: Invisible         |       |       |     3 |       |       ||     3
       Distracted        |       |       |       |    13 |     9 ||    22
